cohdb
Replays
Latest Replays
All Replays
Popular Replays
Top Player Replays
Match Explorer
How It Works
Community
CoH3 Stats
Reddit
Sign in to upload your games and track your stats! →
Sign in with Steam
Match 25187511
Unlisted
Match 25187511
Overview
Messages
Build Orders
End
Kettenkrad Recon Vehicle
Construct Infanterie Kompanie
Grenadier Squad
Grenadier Squad
Grenadier Squad
Construct Panzergrenadier Kompanie
Medical Station
Selects Luftwaffe Battlegroup
Kettenkrad Recon Vehicle
Panzergrenadier Squad
Selects Reconnaissance Run
Selects Fallschirmjäger Squad Paradrop
Fallschirmjäger Squad Paradrop
Support Elements
StuG III G Assault Gun
StuG III G Assault Gun
Fallschirmjäger Squad Paradrop
Selects Luftwaffe Pioneer Support
Selects Luftwaffe Combat Group
Luftwaffe Combat Group
Reconnaissance Run
Pioneer Squad
Reconnaissance Run
Selects Stuka Loiter
Luftwaffe Combat Group
Pioneer Squad
Fallschirmjäger Squad Paradrop
Stuka Loiter
ConcernedApe
R4zi
0
0
Comments
sign in to comment!
No comments posted yet!